 Dungeon Crawl Stone Soup version 0.20-a0-261-gcb1eca7 (webtiles) character file.

1984 Gorice the Gusty (level 8, 0/57 HPs)
             Began as a Demigod Air Elementalist on Dec 3, 2016.
             Slain by an orc warrior
             ... wielding a +2 glaive of chopping
              (6 damage)
             ... on level 8 of the Dungeon.
             The game lasted 00:40:53 (8837 turns).

Gorice the Gusty (Demigod Air Elementalist)         Turns: 8837, Time: 00:40:54

Health: 0/57       AC:  6    Str: 11    XL:     8   Next: 69%
Magic:  13/14      EV: 12    Int: 23    God:
Gold:   272        SH:  0    Dex: 16    Spells: 4/12 levels left

rFire  . . .     SeeInvis +     a - +2 dagger (venom)
rCold  . . .     Gourm    .     K - +3 leather armour {rPois}
rNeg   . . .     Faith    .     (no shield)
rPois  +         Spirit   .     (no helmet)
rElec  .         Reflect  .     (no cloak)
rCorr  .         Harm     .     (no gloves)
MR     .....                    (no boots)
Stlth  ++........               (no amulet)
                                i - ring of see invisible
                                u - ring of wizardry

@: repel missiles
A: high mp 1
a: no special abilities


You were on level 8 of the Dungeon.
You were not hungry.

You visited 2 branches of the dungeon, and saw 9 of its levels.

You collected 272 gold pieces.

Inventory:

Hand Weapons
 a - a +2 dagger of venom (weapon)
   (You took it off an orc priest on level 4 of the Dungeon)
 b - a +0 falchion
 v - a cursed -2 morningstar
 w - a +2 flail of draining
   (You took it off an orc priest on level 5 of the Dungeon)
 A - a +1 trident of venom
   (You took it off an orc on level 8 of the Dungeon)
 B - a +0 quarterstaff
 C - a +2 dagger of speed
   (You took it off an orc on level 6 of the Dungeon)
Missiles
 o - 36 sling bullets
 Z - 301 stones (quivered)
Armour
 g - a +0 robe
 K - a +3 leather armour of poison resistance (worn)
   (You found it on level 7 of the Dungeon)
 M - a +0 plate armour of poison resistance
   (You took it off an orc warrior on level 7 of the Dungeon)
Jewellery
 i - a ring of see invisible (right hand)
 u - a ring of wizardry (left hand)
 F - an uncursed ring of flight
 J - an uncursed ring of resist corrosion
Wands
 t - a wand of flame (27/48)
 H - a wand of confusion (21/48)
 I - a wand of random effects (12/48)
Scrolls
 d - 2 scrolls of remove curse
 x - a scroll of noise {!r}
 z - a scroll of recharging
Potions
 e - a potion of berserk rage
 h - a potion of resistance {unknown}
 j - 2 potions of curing
 m - 4 potions of lignification {!q}
 n - 4 potions of agility {!q}
 p - a potion of invisibility {unknown}
 q - a potion of cure mutation {unknown}
 r - a potion of heal wounds {!q}
 s - 2 potions of brilliance {!q}
 L - a potion of ambrosia {unknown}
Books
 y - a book of Air
Comestibles
 c - 4 bread rations {!e}
 f - 2 beef jerkies
 k - 3 meat rations {!e}
 l - 4 chunks of flesh


   Skills:
 + Level 3.5 Armour
 - Level 1.7 Dodging
 - Level 1.7 Stealth
 - Level 2.5 Spellcasting
 * Level 7.1 Conjurations
 * Level 7.3 Air Magic


You had 4 spell levels left.
You knew the following spells:

 Your Spells              Type           Power        Failure   Level  Hunger
a - Shock                 Conj/Air       ####         1%          1    None
b - Static Discharge      Conj/Air       #####...     1%          3    ###....
M - Repel Missiles        Chrm/Air       ###...       3%          2    ##.....
S - Swiftness             Chrm/Air       ###.....     3%          2    ##.....


Dungeon Overview and Level Annotations

Branches:
Dungeon (8/15)             Temple (1/1) D:7
   Lair: D:8-11

Shops:
D:5 (   D:8 [[

Annotations:
D:7 stickyfingers's ghost, novice TrWz


Innate Abilities, Weirdness & Mutations

You have an increased reservoir of magic. (+10% MP)


Message History

Wield which item (- for none, * to show all)? (? for menu, Esc to quit)
Your +1 trident of venom stops dripping with poison.
Your +2 dagger of venom begins to drip with poison!
a - a +2 dagger of venom (weapon)
Found a war axe.
There is an entrance to Qahileprea's Armour Shop here.
You can access your shopping list by pressing '$'.
Magic restored.
A leopard gecko comes into view.
Found Ceumomn's Armour Emporium.
Casting: Shock
Confirm with . or Enter, or press ? or * to list all spells.
Aiming: Shock
Press: ? - help, Shift-Dir - straight line, f - leopard gecko
Aim: a leopard gecko (clinging, resting)
The zap hits the leopard gecko.
You kill the leopard gecko!
There is an escape hatch in the floor here.
Found an escape hatch in the ceiling.
Found a stone staircase leading up.
There is an entrance to Ceumomn's Armour Emporium here. 2 orcs come into view.
The orc shouts!
Casting: Shock
Confirm with . or Enter, or press ? or * to list all spells.
Aiming: Shock
Press: ? - help, Shift-Dir - straight line, f - orc
Aim: an orc, wielding a flail The zap hits the orc.
The orc is severely wounded.
The orc shouts!
An orc warrior comes into view. It is wielding a glaive of chopping.
Casting: Shock
Confirm with . or Enter, or press ? or * to list all spells.
Aiming: Shock
Press: ? - help, Shift-Dir - straight line, f - orc
Aim: an orc, wielding a trident
Okay, then.
Unknown command.
Found a scroll of identify.
Found a stone staircase leading down.
The orc hits you with a flail. The orc completely misses you.
An orc comes into view. It is wielding a falchion.
Damage: 2 (max 2)
The orc warrior hits you from afar with a glaive of chopping!!
The orc barely misses you.
There is a stone staircase leading up, spattered with blood here.
Damage: 21 (max 21)
The orc warrior hits you from afar with a glaive of chopping!!
* * * LOW HITPOINT WARNING * * *
You die...

#...#.##.#.#.# #
###..........#.# #
#.∩..........#.# #
#..#.#..##..##.## #
#..#............# #
#..#......#.##..# #
##.##..#.#..###.##..####
..>..<..oo...............
###.##..@.o.......#.#####
#........o.####.#.#
...?##.####.# #.#.# ###.
#.# # ..# # #.# ..# ...
... #. #.


You could see an orc warrior and 3 orcs.

Vanquished Creatures
  A hungry ghost (D:6)
  A water moccasin (D:6)
  2 orc warriors
  A necrophage (D:5)
  An ice beast (D:5)
  2 ogres
  2 centaurs
  A bullfrog (D:6)
  A water moccasin zombie (D:5)
  A scorpion (D:6)
  2 howler monkeys (D:7)
  2 crimson imps
  A hound (D:4)
  2 jellies (D:7)
  5 orc priests
  3 orc wizards
  Ijyb (D:2)
  An iguana (D:6)
  7 worker ants
  2 hound skeletons
  5 adders
  A howler monkey skeleton (D:5)
  An ooze (D:2)
  An adder skeleton (D:6)
  6 worms
  2 dart slugs
  3 leopard geckos
  12 orcs
  2 giant cockroaches
  15 goblins
  3 hobgoblins (D:1)
  10 jackals
  6 quokkas
  A bat (D:1)
  5 frilled lizards
  A jackal skeleton (D:4)
  A jackal zombie (D:6)
  14 kobolds
  A quokka zombie (D:6)
  9 rats
  A plant (D:2)
139 creatures vanquished.

Notes
Turn   | Place    | Note
-------+----------+-------------------------------------------
     0 | D:1      | Gorice the Demigod Air Elementalist began the quest for the Orb.
     0 | D:1      | Reached XP level 1. HP: 14/14 MP: 5/5
    71 | D:1      | Reached skill level 1 in Conjurations
   336 | D:1      | Reached skill level 2 in Spellcasting
   557 | D:1      | Reached XP level 2. HP: 20/20 MP: 5/7
  1258 | D:1      | Reached skill level 2 in Conjurations
  1485 | D:2      | Reached XP level 3. HP: 12/26 MP: 2/9
  1492 | D:2      | HP: 7/26 [poisoned by an adder]
  1499 | D:2      | HP: 6/26 [poisoned by an adder]
  1507 | D:2      | HP: 4/26 [poisoned by an adder]
  1820 | D:2      | Learned a level 2 spell: Repel Missiles
  1823 | D:2      | Learned a level 2 spell: Swiftness
  2334 | D:2      | Reached skill level 3 in Air Magic
  2763 | D:2      | Reached XP level 4. HP: 33/33 MP: 6/10
  2984 | D:2      | Noticed Ijyb
  3264 | D:2      | Killed Ijyb
  3264 | D:2      | Reached skill level 3 in Conjurations
  3585 | D:3      | Found a shattered altar of Ashenzari.
  4157 | D:4      | Learned a level 3 spell: Static Discharge
  4175 | D:4      | Reached XP level 5. HP: 38/38 MP: 2/11
  4278 | D:4      | Noticed an ogre
  4351 | D:4      | Killed an ogre
  4351 | D:4      | Reached skill level 4 in Air Magic
  4550 | D:4      | Reached skill level 4 in Conjurations
  4809 | D:5      | Entered Level 5 of the Dungeon
  4813 | D:5      | Reached XP level 6. HP: 45/45 MP: 8/12
  5017 | D:5      | Found a glowing golden altar of the Shining One.
  5073 | D:5      | Found a hazy altar of Hepliaklqana.
  5339 | D:5      | Found Hidghewa's Antique Weapon Emporium.
  5449 | D:5      | Reached skill level 5 in Conjurations
  5896 | D:5      | Reached skill level 5 in Air Magic
  5911 | D:5      | Reached XP level 7. HP: 38/50 MP: 1/13
  6027 | D:5      | Reached skill level 1 in Armour
  6270 | D:6      | HP: 9/50 [centaur (8)]
  6271 | D:6      | HP: 1/50 [orc warrior/halberd (6)]
  6715 | D:6      | Reached skill level 2 in Armour
  6759 | D:6      | Reached skill level 6 in Conjurations
  6759 | D:6      | Reached skill level 6 in Air Magic
  6853 | D:6      | Reached XP level 8. HP: 28/57 MP: 8/14
  7469 | D:7      | Found a staircase to the Ecumenical Temple.
  7474 | Temple   | Entered the Ecumenical Temple
  7720 | D:7      | Found a shimmering altar of Xom.
  7833 | D:7      | Reached skill level 3 in Armour
  8096 | D:7      | Reached skill level 7 in Air Magic
  8153 | D:7      | Noticed stickyfingers's ghost (novice TrWz)
  8166 | D:7      | HP: 17/57 [/static electricity (2)]
  8464 | D:6      | Reached skill level 7 in Conjurations
  8770 | D:8      | Found Qahileprea's Armour Shop.
  8824 | D:8      | Found Ceumomn's Armour Emporium.
  8837 | D:8      | HP: 6/57 [orc warrior/glaive of chopping (28)]
  8837 | D:8      | Slain by an orc warrior

Vault maps used:
D:1:      dpeg_arrival_shelter, minmay_misc_feat_plants
D:2:      kennysheep_the_goblin_king, lexackson_kobold_supper
D:3:      cheibrodos_ashenzari_chains
D:4:      nicolae_overflow_hidden_temple
D:5:      kennysheep_mini_moat, first_bread, serial_shops, shop_statue,
          tso_metal_star
D:7:      xom_butterflies
D:8:      serial_shops, shop, nicolae_shop_statue_plus, shop, grunt_pizzeria
Temple:   nicolae_temple_figure_eight

Skill      XL: |  1  2  3  4  5  6  7  8 |
---------------+-------------------------+-----
Conjurations   | 1 2 3 4 5 6 7 |  7.1
Spellcasting   | 2 |  2.5
Air Magic      | 3 4 5 6 7 |  7.3
Armour         | 2 3 |  3.5
Dodging        | |  1.7
Stealth        | |  1.7

Action                   |  1- 3 |  4- 6 |  7- 9 || total
-------------------------+-------+-------+-------++-------
Melee: Unarmed           |     6 |       |       ||     6
       Mace              |     6 |    27 |       ||    33
       Dagger            |       |     3 |    13 ||    16
Throw: Stone             |     3 |       |       ||     3
 Cast: Shock             |   117 |   159 |   130 ||   406
       Repel Missiles    |     1 |     1 |     1 ||     3
       Static Discharge  |       |       |    11 ||    11
  Use: Scroll            |     2 |     8 |     8 ||    18
 Stab: Sleeping          |       |     1 |       ||     1
  Eat: Chunk             |     6 |    10 |    10 ||    26
       Pizza             |       |       |     2 ||     2
       Beef jerky        |       |       |     1 ||     1
Armor: Robe              |    11 |     1 |       ||    12
       Ring mail         |       |     1 |     9 ||    10
       Leather armour    |       |       |     6 ||     6
Dodge: Dodged            |    40 |    21 |    32 ||    93
       Deflected         |     1 |     2 |     5 ||     8

Table legend:
 A = Turns spent in this place as a percentage of turns spent in the entire game.
 B = Non-inter-level travel turns spent in this place as a percentage of non-inter-level travel turns spent in the entire game.
 C = Inter-level travel turns spent in this place as a percentage of turns spent in this place.
 D = Turns resting spent in this place as a percentage of non-inter-level travel turns spent in this place.
 E = Turns spent auto-exploring this place as a percentage of non-inter-level travel turns spent in this place.
 F = Non-inter-level travel turns spent in this place divided by the number of levels of this place that you've seen.
                   A       B       C       D       E      F
               +-------+-------+-------+-------+-------+----------------------
         Total | 100.0 | 100.0 |   0.7 |   6.5 |   6.8 | 287.4
       Dungeon |  98.9 |  99.0 |   0.7 |   6.6 |   6.2 | 320.0
        Temple |   1.1 |   1.0 |   3.6 |   0.0 |  55.6 |  27.0
               +-------+-------+-------+-------+-------+----------------------

Vault maps used:
D:1:      dpeg_arrival_shelter, minmay_misc_feat_plants
D:2:      kennysheep_the_goblin_king, lexackson_kobold_supper
D:3:      cheibrodos_ashenzari_chains
D:4:      nicolae_overflow_hidden_temple
D:5:      kennysheep_mini_moat, first_bread, serial_shops, shop_statue,
          tso_metal_star
D:7:      xom_butterflies
D:8:      serial_shops, shop, nicolae_shop_statue_plus, shop, grunt_pizzeria
Temple:   nicolae_temple_figure_eight
